 Dungeon Crawl Stone Soup version 0.28.0-62-gf88900778d (webtiles) character file.

Game seed: 4665468454013107377

284 tkbsonic5 the Grave Robber (level 6, -4/43 HPs)
             Began as a Mummy Necromancer on Nov 10, 2023.
             Slain by a gnoll
             ... wielding a +0 club
              (7 damage)
             ... on level 5 of the Dungeon.
             The game lasted 00:11:25 (4748 turns).

tkbsonic5 the Grave Robber (Mummy Necromancer)      Turns: 4748, Time: 00:11:25

Health: -4/43      AC:  6    Str: 11    XL:     6   Next: 7%
Magic:  3/13       EV: 12    Int: 22    God:
Gold:   183        SH:  0    Dex: 15    Spells: 3/14 levels left

rFire   x . .      SeeInvis .   m - +1 hand axe (elec)
rCold   + . .      Faith    .   (no shield)
rNeg    + + +      Spirit   .   a - +0 robe
rPois   ∞          Reflect  .   e - +2 helmet
rElec   +          Harm     .   g - scarf {+Inv}
rCorr   .          Rampage  .   (no gloves)
Will    +....                   h - +0 pair of boots of Vyfoero {rElec rN+}
Stlth   ++........              (no amulet)
HPRegen 0.14/turn               i - ring of Saseop {Drain Will+ Int+6 Dex+2}
MPRegen 0.13/turn               (no ring)

@: no status effects
A: cold resistance 1, negative energy resistance 3, torment resistance 2, heat
vulnerability 1, no potions
a: Evoke Invisibility


You were on level 5 of the Dungeon.
You visited 1 branch of the dungeon, and saw 5 of its levels.

You collected 183 gold pieces.

Inventory:

Hand Weapons
 d - a +0 dagger
 f - a +1 dagger of speed
 m - a +1 hand axe of electrocution (weapon)
Missiles
 c - 5 atropa-tipped darts
 l - 19 bolts
Armour
 a - a +0 robe (worn)
 b - a +0 leather armour
 e - a +2 helmet (worn)
 g - a scarf of invisibility (worn)
 h - the +0 pair of boots of Vyfoero (worn) {rElec rN+}
   (You found it on level 2 of the Dungeon)

   rElec:     It insulates you from electricity.
   rN:        It protects you from negative energy.
Jewellery
 i - the ring of Saseop (left hand) {Drain Will+ Int+6 Dex+2}
   (You took it off a goblin on level 2 of the Dungeon)

   [ring of willpower]

   Int:       It affects your intelligence (+6).
   Dex:       It affects your dexterity (+2).
   Drain:     It drains your maximum health when unequipped.
   Will:      It increases your willpower.
Scrolls
 k - a scroll of identify
 n - a scroll of blinking


   Skills:
 * Level 1.6 Fighting
 - Level 0.1 Short Blades
 * Level 0.8 Axes
 + Level 1.8 Dodging
 - Level 1.5 Stealth
 * Level 4.7 Spellcasting
 * Level 5.1 Necromancy
 * Level 0.9 Air Magic
 * Level 1.0 Poison Magic
 + Level 1.0 Evocations


You had 3 spell levels left.
You knew the following spells:

 Your Spells              Type           Power      Damage    Failure   Level
a - Pain                  Necr           100%       1d9       1%          1
b - Animate Skeleton      Necr           56%        N/A       1%          1
c - Vampiric Draining     Necr           28%        2d8       3%          3
d - Animate Dead          Necr           14%        N/A       12%         4
e - Poisonous Vapours     Pois/Air       18%        N/A       11%         2

Your spell library contained the following spells:

 Spells                   Type           Power      Damage    Failure   Level
 Corpse Rot               Necr/Air       36%        N/A       4%          2
 Agony                    Necr           28%        N/A       34%         5


Dungeon Overview and Level Annotations

Branches:
Dungeon (5/15)
 Temple: D:4-7

Altars:

Shops:
D:1 *

Annotations:
D:4 Ijyb


Innate Abilities, Weirdness & Mutations

You are immune to poison.
Your flesh is cold resistant. (rC+)
You are immune to negative energy. (rN+++)
You are immune to unholy pain and torment.
You are vulnerable to heat. (rF-)
You do not drink.


Message History

The howler monkey misses you.
The sky beast flickers out of sight!
Deactivating autopickup; reactivate with Ctrl-A.
You climb upwards.
Level annotation: Ijyb Reactivating autopickup.
The centaur zombie hits you. The centaur zombie barely misses you.
The gnoll hits you but does no damage. The centaur zombie closely misses you.
The centaur zombie kicks you but does no damage.
There is a stone staircase leading down here.
The centaur zombie hits you but does no damage.
The centaur zombie kicks you but does no damage.
You hear a zap.
Some rock shatters into small pieces.
The gnoll completely misses you.
There is a stone staircase leading down here.
The gnoll barely misses you.
The howler monkey hoots and howls with incredible vigour!
The goblin barely misses you.
You hear an angry hiss. x2; You hear a shout!
You hear an angry hiss. x2
You climb downwards.
The water moccasin hisses angrily.
The water moccasin bites you.
Found 43 stones.
Found an escape hatch in the floor and an escape hatch in the ceiling.
There is a stone staircase leading up here.
Found 11 gold pieces.
The water moccasin bites you.
* * * LOW HITPOINT WARNING * * *
The gnoll completely misses you. The goblin barely misses you.
The water moccasin barely misses you.
You see here 17 stones.
The goblin barely misses you. The water moccasin bites you.
* * * LOW HITPOINT WARNING * * *
The goblin barely misses you. The water moccasin misses you.
The water moccasin misses you.
There is an escape hatch in the ceiling here.
The water moccasin bites you.
* * * LOW HITPOINT WARNING * * *
The gnoll hits you with a +0 club!
You die...

#.. #..# #..# #..##
###..## ##...<(####
#......g..###
#.....Sg.>..### ##
#.....h@......# ##§
#............## ##§§
#............# ######§§§
#..........#.$......§§§§
#.........##..#####...§#
#........## .# ##...#
#.......## ##...
#.....### #... ##..


You could see a water moccasin, a howler monkey, a gnoll and a goblin.

Vanquished Creatures
  A steam dragon (D:5)
  An iguana (D:5)
  A gnoll (D:4)
  7 adders
  A worm (D:3)
  2 dart slugs
  An orc (D:3)
  5 endoplasms
  A giant cockroach (D:2)
  6 goblins
  2 hobgoblins (D:1)
  A jackal (D:1)
  4 kobolds
  5 quokkas
  7 ball pythons
  3 bats
  A frilled lizard (D:3)
  7 rats
56 creatures vanquished.

Notes
Turn   | Place    | Note
-------+----------+-------------------------------------------
     0 | D:1      | tkbsonic5 the Mummy Necromancer began the quest for the
                  | Orb.
     0 | D:1      | Reached XP level 1. HP: 13/13 MP: 4/4
   248 | D:1      | Found Voetic's Assorted Antiques.
   441 | D:1      | Reached XP level 2. HP: 8/19 MP: 0/6
   756 | D:1      | Learned a level 1 spell: Animate Skeleton
   943 | D:1      | Found a faded altar of an unknown god.
  1576 | D:2      | Reached XP level 3. HP: 24/24 MP: 2/8
  1965 | D:2      | Identified the +3 pair of boots "Ecossod" {Int+4 Dex+3}
  2282 | D:2      | Identified the +0 pair of boots of Vyfoero {rElec rN+}
  2352 | D:2      | Reached XP level 4. HP: 31/31 MP: 7/10
  2364 | D:2      | Identified the ring of Saseop {Drain Will+ Int+6 Dex+2}
  2401 | D:2      | Learned a level 3 spell: Vampiric Draining
  2406 | D:2      | Learned a level 4 spell: Animate Dead
  3054 | D:3      | Reached skill level 1 in Fighting
  3221 | D:3      | Learned a level 2 spell: Poisonous Vapours
  4306 | D:4      | Reached skill level 5 in Necromancy
  4387 | D:4      | Noticed Ijyb
  4390 | D:5      | Entered Level 5 of the Dungeon
  4616 | D:5      | Reached XP level 5. HP: 37/37 MP: 0/11
  4710 | D:5      | Noticed a steam dragon
  4720 | D:5      | Noticed a sky beast
  4721 | D:5      | Killed a steam dragon
  4722 | D:5      | Reached skill level 1 in Poison Magic
  4722 | D:5      | Reached skill level 1 in Evocations
  4722 | D:5      | Reached XP level 6. HP: 17/43 MP: 0/13
  4743 | D:5      | Noticed a water moccasin
  4748 | D:5      | Slain by a gnoll

Illustrated notes

Levels and vault maps discovered:
D:1:      dpeg_arrival_brainrot, layout_basic,
          shapermc_ecumenical_altar_totnotflames, serial_shops,
          nicolae_shop_hallway_plus, solitary_fountain
D:2:      layout_loops_corners
D:3:      layout_basic
D:4:      lemuel_castle_with_subvaults [lemuel_castle_interior_carwin_1],
          layout_cave_pools, chequers_temple_overflow_minitemple, zin_angel,
          temple_pool_b, uniq_ijyb
D:5:      layout_cave_pods, uniq_menkaure, uniq_prince_ribbit1

Skill      XL: |  1  2  3  4  5 |
---------------+----------------+-----
Spellcasting   | 3 4 |  4.7
Fighting       | 1 |  1.6
Necromancy     | 5 |  5.1
Poison Magic   | 1 |  1.0
Evocations     | 1 |  1.0
Short Blades   | |  0.1
Axes           | |  0.8
Dodging        | |  1.8
Stealth        | |  1.5
Air Magic      | |  0.9

Action                   |  1- 3 |  4- 6 || total
-------------------------+-------+-------++-------
Melee: Unarmed           |     4 |       ||     4
       Hand axe          |       |     2 ||     2
 Cast: Pain              |    69 |    61 ||   130
       Animate Skeleton  |     7 |       ||     7
       Poisonous Vapours |       |     7 ||     7
       Animate Dead      |       |     3 ||     3
       Vampiric Draining |       |     1 ||     1
  Use: Scroll            |       |     4 ||     4
Armor: Robe              |     3 |    13 ||    16
Dodge: Dodged            |    15 |    36 ||    51
